Rafales vs Staline (R1)

Created - 7 novembre 2016 at 19:37

Goals
1 2 3 OT1 SO T
Rafales 1 1 1 0 3 4
Staline 0 1 2 0 2 3
Shots
1 2 3 OT1 SO T
Rafales 14 16 12 0 5 42
Staline 7 16 14 0 5 37

1st period

1. Rafales , Cody McLeod 8 (Milan Bartovic) at 13:27 (PP)

Penalties :
Milan Bartovic (Stf) for High sticking (Minor) at 1:47, Mark Stone (StJ) for Slashing (Minor) at 10:38, Bryan Bickell (StJ) for Hooking (Minor) at 13:12, Keith Yandle (StJ) for Tripping (Minor) at 15:45

2nd period

2. Staline , David Desharnais 7 (Stu Bickel) at 0:08
3. Rafales , Mike Zigomanis 5 (Matt Gilroy, Cody McLeod) at 12:24

Penalties :
Mike Sislo (Stf) for Hooking (Minor) at 3:11, Matt Pettinger (StJ) for Holding Stick (Minor) at 7:51

3rd period

4. Staline , Corey Trivino 1 (Brandon Burlon, Mark Fraser) at 12:53
5. Staline , Jiri Tlusty 5 (Nick Spaling) at 14:11
6. Rafales , Cody McLeod 9 (Milan Bartovic) at 19:19

Penalties :
Marc-André Gragnani (Stf) for High sticking (Minor) at 2:38, Matt Pettinger (StJ) for Slashing (Minor) at 2:54, Matt Gilroy (Stf) for Hooking (Minor) at 8:09, Mark Fraser (StJ) for Goalie Interference (Minor) at 10:42, Philip Larsen (StJ) for Roughing (Minor) at 15:11

Overtime #1

No Goal

Penalties :
No Penalty

Shootout

Penalty Shot by Mike Zigomanis for Rafales - Goal!
Penalty Shot by Matt Pettinger for Staline - Goal!
Penalty Shot by Cody McLeod for Rafales - Shot Misses the Net
Penalty Shot by Corey Trivino for Staline - Stopped by John Gibson
Penalty Shot by Milan Bartovic for Rafales - Goal!
Penalty Shot by Mark Stone for Staline - Goal!
Penalty Shot by Tim Crowder for Rafales - Stopped by Allen York
Penalty Shot by Nick Spaling for Staline - Shot Misses the Net
Penalty Shot by Jeff Skinner for Rafales - Goal!
Penalty Shot by David Desharnais for Staline - Stopped by John Gibson

Penalties :
No Penalty

Goalie Stats

John Gibson (Stf), 34 saves from 37 shots - (0,919), W, 3-2-0, 64:29 minutes
Allen York (StJ), 39 saves from 42 shots - (0,929), OTL, 3-1-1, 65:00 minutes

Players Stats for Rafales

Player Name              G  A  P  +/- PIM S  H  SB GA TA FO     MP     PP MP  PK MP  
------------------------------------------------------------------------------------
Bruno Gervais            0  0  0   0  0   0  0  0  0  0  0/0     4:37   0:12   1:05 
Cody McLeod              2  1  3   1  0   10 1  1  3  0  3/4    28:28   5:46   3:34 
Dan Fritsche             0  0  0   0  0   3  0  0  0  0  9/12   18:52   4:28   1:05 
Jeff Skinner             0  0  0   1  0   2  1  1  0  0  0/0    17:27   4:12   0:57 
Johan Ryno               0  0  0   0  0   0  0  0  0  0  1/1     6:36   0:00   0:00 
Jonas Junland            0  0  0  -1  0   4  2  2  2  1  0/0    25:28   3:59   2:23 
Jonathan Rheault         0  0  0  -2  0   1  0  0  0  0  0/0    11:45   0:00   0:00 
Kevin Veilleux           0  0  0   0  0   0  0  0  0  0  0/1     5:15   0:00   0:00 
Marc-André Gragnani      0  0  0  -1  2   0  0  0  0  0  0/0    25:18   6:51   1:13 
Mark Fayne               0  0  0   0  0   0  1  4  0  2  0/0    24:11   1:36   0:50 
Matt Gilroy              0  1  1  -2  2   4  3  0  3  2  0/0    31:09   5:37   3:05 
Michael Bournival        0  0  0   1  0   3  3  0  1  0  0/1    12:07   4:12   0:00 
Mike Sislo               0  0  0  -2  2   2  1  0  1  1  1/2    14:03   0:00   1:19 
Mike Zigomanis           1  0  1   0  0   6  0  2  1  1  24/48  26:18   5:58   3:35 
Milan Bartovic           0  2  2   1  2   5  2  1  1  0  0/2    22:58   5:58   0:56 
Nathan Davis             0  0  0  -1  0   1  3  0  1  0  8/10   12:39   0:44   0:23 
Tim Crowder              0  0  0   0  0   0  1  0  0  1  0/0    10:48   0:00   1:27 
Willie Mitchell          0  0  0   0  0   1  0  3  0  1  0/0    14:01   2:37   3:00 

Players Stats for Staline

Player Name              G  A  P  +/- PIM S  H  SB GA TA FO     MP     PP MP  PK MP  
------------------------------------------------------------------------------------
Aaron Ness               0  0  0   0  0   0  0  0  0  0  0/0     0:00   0:00   0:00 
Andrey Pedan             0  0  0   0  0   0  0  0  0  0  0/0     1:04   0:00   0:11 
Brandon Burlon           0  1  1   1  0   2  2  0  0  1  0/0    14:06   0:00   0:00 
Bryan Bickell            0  0  0  -1  2   2  2  0  0  0  0/1     9:04   0:00   1:56 
Cody Eakin               0  0  0   1  0   0  1  0  1  1  4/14   16:55   2:44   0:18 
Corey Trivino            1  0  1   1  0   4  3  1  0  0  5/10   14:36   0:13   2:31 
Danny Kristo             0  0  0   0  0   0  0  0  0  0  0/0     0:00   0:00   0:00 
David Desharnais         1  0  1   0  0   2  3  1  0  1  23/48  25:36   3:29   6:09 
David Kolomatis          0  0  0  -1  0   0  0  0  0  0  0/0     3:33   0:00   2:10 
Greg Pateryn             0  0  0   0  0   0  0  0  0  0  0/0     0:00   0:00   0:00 
James Sheppard           0  0  0   1  0   2  0  0  0  0  0/0    11:56   0:13   0:00 
Jiri Sekac               0  0  0   0  0   0  0  0  0  0  0/0     1:44   0:00   0:59 
Jiri Tlusty              1  0  1   0  0   10 3  2  3  1  0/2    21:22   3:16   6:28 
Jordan Caron             0  0  0  -1  0   0  0  1  1  0  0/0     6:06   0:00   0:00 
Keith Yandle             0  0  0   1  2   5  3  3  1  2  0/0    31:13   3:53   6:00 
Mark Fraser              0  1  1  -1  2   0  1  2  1  1  0/0    19:00   0:00   6:28 
Mark Mitera              0  0  0   0  0   0  0  0  0  0  0/0     0:00   0:00   0:00 
Mark Stone               0  0  0   1  2   0  1  1  0  1  1/1    13:34   0:00   0:00 
Matt Pettinger           0  0  0   0  4   4  1  0  1  0  1/2    19:09   3:15   0:00 
Mike Reilly              0  0  0  -1  0   0  0  0  0  0  0/0    16:01   2:20   3:52 
Nick Spaling             0  1  1   1  0   1  0  0  0  1  0/0    16:35   2:44   2:31 
Peter Holland            0  0  0  -1  0   0  0  0  0  0  0/2     5:55   0:00   0:00 
Philip Larsen            0  0  0   2  2   1  3  0  0  0  0/0    19:44   2:20   1:55 
Steven Goertzen          0  0  0   1  0   4  2  0  1  2  1/1    15:04   2:44   0:00 
Stu Bickel               0  1  1   1  0   0  4  0  0  2  0/0    25:27   3:53   0:16 

3 Stars

1 - Cody McLeod (Stf)
2 - Corey Trivino (StJ)
3 - Jiri Tlusty (StJ)

Power Play

Rafales - 1 on 7 Attempt(s) - 14,29%
Staline - 0 on 4 Attempt(s) - 0,00%

Penalty Kill

Rafales - 4 on 4 Attempt(s) - 100,00% - Score 0 goal in Penalty Kill
Staline - 6 on 7 Attempt(s) - 85,71% - Score 0 goal in Penalty Kill

Team Stat

Rafales - Hits : 18 - Faceoff Wins : 46 - Blocked Shots : 14 - Penalty Minutes : 8
Staline - Hits : 29 - Faceoff Wins : 35 - Blocked Shots : 11 - Penalty Minutes : 14

Official

Referees : Kimmerly Greg and Martell Rob
Linesman : Steve Barton and Pierre Racicot

Game Notes

Bruno Gervais is injured at 11:42 of 1st period (Upper Body)
15:59 of 1st period - Rafales goal is going for a video replay. After video review, No Goal. The goalkeeper has been pushed into the net together with the puck after making a save.
Willie Mitchell is injured at 7:28 of 2nd period (Broken Bone (Right Arm))

Finance

Level 1 -- Attendance: 1556 (77,80%) -- Ticket Income 54 460 $
Level 2 -- Attendance: 742 (74,20%) -- Ticket Income 11 130 $
Total Attendance: 2298 (76,60%)
Total Ticket Income: 65 590 $
Other Income: 3 280 $
Total Income: 68 870 $

Rafales

5 vs 5 Forward 
   Center                   Left Wing                Right Wing               Time % Phy DF OF 
 1 Mike Zigomanis           Cody McLeod              Milan Bartovic           40     1   0  4  
 2 Dan Fritsche             Mike Sislo               Jonathan Rheault         30     0   1  4  
 3 Nathan Davis             Jeff Skinner             Tim Crowder              20     1   1  3  
 4 Kevin Veilleux           Michael Bournival        Johan Ryno               10     2   1  2  

5 vs 5 Defense 
   Defense                  Defense                                           Time % Phy DF OF 
 1 Willie Mitchell          Bruno Gervais                                     40     1   2  2  
 2 Matt Gilroy              Jonas Junland                                     30     1   2  2  
 3 Marc-André Gragnani      Mark Fayne                                        20     1   2  2  
 4 Willie Mitchell          Bruno Gervais                                     10     1   2  2  

PowerPlay Forward 
   Center                   Left Wing                Right Wing               Time % Phy DF OF 
 1 Mike Zigomanis           Cody McLeod              Milan Bartovic           60     1   0  4  
 2 Dan Fritsche             Michael Bournival        Jeff Skinner             40     1   0  4  

PowerPlay Defense
   Defense                  Defense                                           Time % Phy DF OF 
 1 Willie Mitchell          Bruno Gervais                                     60     1   0  4  
 2 Matt Gilroy              Jonas Junland                                     40     1   0  4  

Penalty Kill 4 Players Forward 
   Center                   Wing                     Time % Phy DF OF 
 1 Mike Zigomanis           Cody McLeod              60     1   3  1  
 2 Milan Bartovic           Mike Sislo               40     1   3  1  

Penalty Kill 4 Players Defense
   Defense                  Defense                  Time % Phy DF OF 
 1 Willie Mitchell          Bruno Gervais            60     2   3  0  
 2 Matt Gilroy              Jonas Junland            40     2   3  0  

Penalty Kill - 3 Players Forward 
   Forward                                           Time % Phy DF OF 
 1 Mike Zigomanis                                    60     1   4  0  
 2 Cody McLeod                                       40     1   4  0  

Penalty Kill - 3 Players Defense
   Defense                  Defense                  Time % Phy DF OF 
 1 Willie Mitchell          Bruno Gervais            60     2   3  0  
 2 Matt Gilroy              Jonas Junland            40     2   3  0  

4 vs 4 Forward 
   Center                   Wing                     Time % Phy DF OF 
 1 Mike Zigomanis           Cody McLeod              60     1   1  3  
 2 Milan Bartovic           Jeff Skinner             40     1   1  3  

4 vs 4 Defense
   Defense                  Defense                  Time % Phy DF OF 
 1 Willie Mitchell          Bruno Gervais            60     1   3  1  
 2 Matt Gilroy              Jonas Junland            40     1   3  1  

Last Minutes Offensive
   Center                   Left Wing                Right Wing               Defense                  Defense                  
   Mike Zigomanis           Cody McLeod              Milan Bartovic           Matt Gilroy              Bruno Gervais            

Last Minutes Defensive
   Center                   Left Wing                Right Wing               Defense                  Defense                  
   Mike Zigomanis           Cody McLeod              Milan Bartovic           Marc-André Gragnani      Willie Mitchell          

Goaltenders
Starting : John Gibson              
Backup : Philipp Grubauer         

Extra Forwards
Normal : Jeff Skinner, Mike Zigomanis, Michael Bournival - PP : Jeff Skinner, Nathan Davis - PK : Tim Crowder
Extra Defensemen
Normal : Bruno Gervais, Mark Fayne, Matt Gilroy - PP : Marc-André Gragnani - PK : Willie Mitchell, Matt Gilroy
Penalty Shots
Mike Zigomanis, Cody McLeod, Milan Bartovic, Tim Crowder, Jeff Skinner

Staline

5 vs 5 Forward 
   Center                   Left Wing                Right Wing               Time % Phy DF OF 
 1 David Desharnais         Matt Pettinger           Mark Stone               40     1   2  2  
 2 Cody Eakin               Nick Spaling             Jiri Tlusty              30     1   2  2  
 3 Corey Trivino            James Sheppard           Steven Goertzen          20     1   2  2  
 4 Peter Holland            Bryan Bickell            Jordan Caron             10     1   2  2  

5 vs 5 Defense 
   Defense                  Defense                                           Time % Phy DF OF 
 1 Stu Bickel               Keith Yandle                                      40     1   2  2  
 2 Brandon Burlon           Philip Larsen                                     30     1   2  2  
 3 Mark Fraser              Mike Reilly                                       20     1   2  2  
 4 Stu Bickel               Keith Yandle                                      10     1   2  2  

PowerPlay Forward 
   Center                   Left Wing                Right Wing               Time % Phy DF OF 
 1 David Desharnais         Matt Pettinger           Jiri Tlusty              60     1   2  2  
 2 Cody Eakin               Nick Spaling             Steven Goertzen          40     1   2  2  

PowerPlay Defense
   Defense                  Defense                                           Time % Phy DF OF 
 1 Stu Bickel               Keith Yandle                                      60     1   2  2  
 2 Mike Reilly              Philip Larsen                                     40     1   2  2  

Penalty Kill 4 Players Forward 
   Center                   Wing                     Time % Phy DF OF 
 1 David Desharnais         Jiri Tlusty              60     1   2  2  
 2 Corey Trivino            Nick Spaling             40     1   2  2  

Penalty Kill 4 Players Defense
   Defense                  Defense                  Time % Phy DF OF 
 1 Mark Fraser              Keith Yandle             60     1   2  2  
 2 Mark Fraser              Philip Larsen            40     1   2  2  

Penalty Kill - 3 Players Forward 
   Forward                                           Time % Phy DF OF 
 1 David Desharnais                                  60     1   2  2  
 2 Corey Trivino                                     40     1   2  2  

Penalty Kill - 3 Players Defense
   Defense                  Defense                  Time % Phy DF OF 
 1 Mark Fraser              Keith Yandle             60     1   2  2  
 2 Mark Fraser              Philip Larsen            40     1   2  2  

4 vs 4 Forward 
   Center                   Wing                     Time % Phy DF OF 
 1 Cody Eakin               Steven Goertzen          60     1   2  2  
 2 David Desharnais         Matt Pettinger           40     1   2  2  

4 vs 4 Defense
   Defense                  Defense                  Time % Phy DF OF 
 1 Stu Bickel               Keith Yandle             60     1   2  2  
 2 Mark Fraser              Philip Larsen            40     1   2  2  

Last Minutes Offensive
   Center                   Left Wing                Right Wing               Defense                  Defense                  
   David Desharnais         Matt Pettinger           Jiri Tlusty              Stu Bickel               Keith Yandle             

Last Minutes Defensive
   Center                   Left Wing                Right Wing               Defense                  Defense                  
   David Desharnais         Matt Pettinger           Jiri Tlusty              Mark Fraser              Brandon Burlon           

Goaltenders
Starting : Allen York               
Backup : Joni Ortio               

Extra Forwards
Normal : James Sheppard, Corey Trivino, Bryan Bickell - PP : James Sheppard, Corey Trivino - PK : Bryan Bickell
Extra Defensemen
Normal : Brandon Burlon, Mike Reilly, Mark Fraser - PP : Brandon Burlon - PK : Mike Reilly, Mark Fraser
Penalty Shots
Matt Pettinger, Corey Trivino, Mark Stone, Nick Spaling, David Desharnais

% Time on Ice - Rafales

Lines # - Real PCT - Wanted PCT - Time Play
Normal Forward
1 - 33% - 40% - 13:45
2 - 31% - 30% - 12:54
3 - 23% - 20% - 9:21
4 - 13% - 10% - 5:15
Normal Defense
1 - 50% - 40% - 20:33
2 - 28% - 30% - 11:45
3 - 15% - 20% - 6:10
4 - 7% - 10% - 2:47
PP Forward
1 - 60% - 60% - 6:14
2 - 40% - 40% - 4:12
PP Defense
1 - 85% - 60% - 8:50
2 - 15% - 40% - 1:36
PK Forward
1 - 71% - 60% - 4:26
2 - 29% - 40% - 1:47
PK Defense
1 - 86% - 60% - 5:19
2 - 14% - 40% - 0:54
PK3 Forward
1 - 0% - 60%
2 - 0% - 40%
PK3 Defense
1 - 0% - 60%
2 - 0% - 40%
44 Forward
1 - 83% - 60% - 5:36
2 - 17% - 40% - 1:07
44 Defense
1 - 100% - 60% - 6:43
2 - 0% - 40% - 0:00
Last Minute Offensive  - 0:23
Last Minute Defensive  - 0:00
Total
Forward - 65:00
Defense - 65:00

% Time on Ice - Staline

Lines # - Real PCT - Wanted PCT - Time Play
Normal Forward
1 - 35% - 40% - 14:31
2 - 27% - 30% - 11:20
3 - 23% - 20% - 9:28
4 - 14% - 10% - 5:55
Normal Defense
1 - 42% - 40% - 17:30
2 - 33% - 30% - 13:32
3 - 22% - 20% - 8:55
4 - 3% - 10% - 1:17
PP Forward
1 - 56% - 60% - 3:29
2 - 44% - 40% - 2:44
PP Defense
1 - 62% - 60% - 3:53
2 - 38% - 40% - 2:20
PK Forward
1 - 76% - 60% - 7:55
2 - 24% - 40% - 2:31
PK Defense
1 - 72% - 60% - 7:29
2 - 28% - 40% - 2:57
PK3 Forward
1 - 0% - 60%
2 - 0% - 40%
PK3 Defense
1 - 0% - 60%
2 - 0% - 40%
44 Forward
1 - 75% - 60% - 5:03
2 - 25% - 40% - 1:40
44 Defense
1 - 63% - 60% - 4:14
2 - 37% - 40% - 2:29
Last Minute Offensive  - 0:00
Last Minute Defensive  - 0:24
Total
Forward - 65:00
Defense - 65:00

Play by Play

1st period


0:01 of 1st period - Mike Zigomanis wins face-off versus Matt Pettinger in neutral zone.
0:37 of 1st period - Snap shot by Mike Sislo.
0:37 of 1st period - Deflect By Keith Yandle.
0:37 of 1st period - Shot Blocked by Keith Yandle.
0:37 of 1st period - Puck is out of play.
0:38 of 1st period - Nathan Davis wins face-off versus Corey Trivino in Staline zone.
1:05 of 1st period - Marc-André Gragnani is hit by Brandon Burlon.
1:28 of 1st period - Off-side.
1:29 of 1st period - Mike Zigomanis wins face-off versus Cody Eakin in neutral zone.
1:40 of 1st period - Wrist shot by Jiri Tlusty.
1:40 of 1st period - Shot Blocked by Willie Mitchell.
1:47 of 1st period - Minor Penalty to Milan Bartovic for High sticking.
1:48 of 1st period - David Desharnais wins face-off versus Mike Zigomanis in Rafales zone.
1:50 of 1st period - Snap shot by Matt Pettinger.
1:50 of 1st period - Shot Blocked by Mike Zigomanis.
1:52 of 1st period - Wrist shot by Jiri Tlusty.
1:52 of 1st period - Stopped by John Gibson with a rebound.
1:54 of 1st period - Wrist shot by Jiri Tlusty.
1:54 of 1st period - Stopped by John Gibson with a rebound.
1:56 of 1st period - Slapshot by Stu Bickel.
1:56 of 1st period - Shot Blocked by Mike Zigomanis.
2:14 of 1st period - Tim Crowder is hit by Cody Eakin.
2:46 of 1st period - Philip Larsen is hit by Jonas Junland and loses puck.
3:47 of 1st period - Penalty to Milan Bartovic is over, Milan Bartovic is back on ice.
4:20 of 1st period - Snap shot by James Sheppard.
4:20 of 1st period - Shot Misses the Net.
5:28 of 1st period - Matt Gilroy is hit by Jiri Tlusty.
5:32 of 1st period - Jiri Tlusty is hit by Michael Bournival and loses puck.
6:03 of 1st period - Jiri Tlusty is hit by Tim Crowder and loses puck.
6:16 of 1st period - Tim Crowder is hit by Philip Larsen.
6:26 of 1st period - James Sheppard is hit by Cody McLeod.
6:30 of 1st period - Snap shot by Cody McLeod.
6:30 of 1st period - Stopped by Allen York without a rebound.
6:31 of 1st period - Mike Sislo wins face-off versus Peter Holland in Staline zone.
6:40 of 1st period - Slapshot by Mike Sislo.
6:40 of 1st period - Stopped by Allen York with a rebound.
6:42 of 1st period - Slapshot by Jonas Junland.
6:42 of 1st period - Stopped by Allen York without a rebound.
6:43 of 1st period - Cody McLeod wins face-off versus David Desharnais in Staline zone.
6:46 of 1st period - Snap shot by Cody McLeod.
6:46 of 1st period - Shot Misses the Net.
6:58 of 1st period - Cody McLeod is hit by Keith Yandle and loses puck.
7:36 of 1st period - Wrist shot by Nathan Davis.
7:36 of 1st period - Deflect By Tim Crowder.
7:36 of 1st period - Shot Misses the Net.
7:36 of 1st period - Puck is out of play.
7:37 of 1st period - Mark Stone wins face-off versus Milan Bartovic in Staline zone.
8:04 of 1st period - Dan Fritsche is hit by Stu Bickel and loses puck.
8:39 of 1st period - Philip Larsen is hit by Jeff Skinner and loses puck.
8:52 of 1st period - Jeff Skinner is hit by Brandon Burlon and loses puck.
9:15 of 1st period - Mark Fayne is hit by Corey Trivino and loses puck.
9:40 of 1st period - Wrist shot by James Sheppard.
9:40 of 1st period - Shot Misses the Net.
9:42 of 1st period - Snap shot by Brandon Burlon.
9:42 of 1st period - Stopped by John Gibson without a rebound.
9:43 of 1st period - David Desharnais wins face-off versus Mike Zigomanis in Rafales zone.
9:49 of 1st period - Icing by Cody McLeod.
9:50 of 1st period - Mike Zigomanis wins face-off versus David Desharnais in Rafales zone.
10:01 of 1st period - Wrist shot by Mike Zigomanis.
10:01 of 1st period - Stopped by Allen York with a rebound.
10:38 of 1st period - Minor Penalty to Mark Stone for Slashing.
10:39 of 1st period - Dan Fritsche wins face-off versus David Desharnais in Staline zone.
10:43 of 1st period - Wrist shot by Michael Bournival.
10:43 of 1st period - Shot Misses the Net.
10:45 of 1st period - Slapshot by Matt Gilroy.
10:45 of 1st period - Deflect By Jeff Skinner.
10:45 of 1st period - Shot Blocked by David Desharnais.
10:45 of 1st period - Puck is out of play.
10:46 of 1st period - Dan Fritsche wins face-off versus David Desharnais in Staline zone.
11:11 of 1st period - Icing by Matt Gilroy.
11:12 of 1st period - Mike Zigomanis wins face-off versus David Desharnais in Rafales zone.
11:41 of 1st period - Bruno Gervais is hit by Mark Fraser and loses puck.
11:42 of 1st period - Bruno Gervais from Rafales is injured at 11:42 of 1st period (Upper Body).
11:43 of 1st period - Mike Zigomanis wins face-off versus David Desharnais in Rafales zone.
12:01 of 1st period - Icing by Willie Mitchell.
12:02 of 1st period - Mike Zigomanis wins face-off versus David Desharnais in Rafales zone.
12:25 of 1st period - Wrist shot by Mike Zigomanis.
12:25 of 1st period - Deflect By Cody McLeod.
12:25 of 1st period - Stopped by Allen York with a rebound.
12:27 of 1st period - Slapshot by Willie Mitchell.
12:27 of 1st period - Stopped by Allen York with a rebound.
12:31 of 1st period - Snap shot by Cody McLeod.
12:31 of 1st period - Deflect By Mike Zigomanis.
12:31 of 1st period - Shot Blocked by Mark Fraser.
12:31 of 1st period - Puck is out of play.
12:32 of 1st period - Dan Fritsche wins face-off versus Corey Trivino in Staline zone.
12:35 of 1st period - Slapshot by Michael Bournival.
12:35 of 1st period - Stopped by Allen York without a rebound.
12:36 of 1st period - Corey Trivino wins face-off versus Dan Fritsche in Staline zone.
12:38 of 1st period - Penalty to Mark Stone is over, Mark Stone is back on ice.
12:43 of 1st period - Wrist shot by Nick Spaling.
12:43 of 1st period - Shot Misses the Net.
13:05 of 1st period - Snap shot by Mike Zigomanis.
13:05 of 1st period - Stopped by Allen York with a rebound.
13:12 of 1st period - Minor Penalty to Bryan Bickell for Hooking.
13:13 of 1st period - Cody McLeod wins face-off versus David Desharnais in Staline zone.
13:13 of 1st period - Wrist shot by Milan Bartovic.
13:13 of 1st period - Deflect By Cody McLeod.
13:13 of 1st period - Shot Blocked by Keith Yandle.
13:13 of 1st period - Puck is out of play.
13:14 of 1st period - David Desharnais wins face-off versus Mike Zigomanis in Staline zone.
13:27 of 1st period - Wrist shot by Cody McLeod.
13:27 of 1st period - Goal by Cody McLeod - Rafales : 1 - Staline : 0.
13:28 of 1st period - Mike Zigomanis wins face-off versus David Desharnais in neutral zone.
13:58 of 1st period - Snap shot by Steven Goertzen.
13:58 of 1st period - Stopped by John Gibson with a rebound.
14:00 of 1st period - Slapshot by Steven Goertzen.
14:00 of 1st period - Shot Blocked by Cody McLeod.
14:02 of 1st period - Snap shot by Corey Trivino.
14:02 of 1st period - Stopped by John Gibson without a rebound.
14:03 of 1st period - David Desharnais wins face-off versus Mike Sislo in Rafales zone.
14:04 of 1st period - Wrist shot by Matt Pettinger.
14:04 of 1st period - Stopped by John Gibson with a rebound.
14:06 of 1st period - Snap shot by Philip Larsen.
14:06 of 1st period - Shot Blocked by Willie Mitchell.
14:30 of 1st period - Slapshot by Nick Spaling.
14:30 of 1st period - Shot Misses the Net.
14:49 of 1st period - Snap shot by Jeff Skinner.
14:49 of 1st period - Shot Blocked by Corey Trivino.
15:09 of 1st period - Mike Reilly is hit by Milan Bartovic and loses puck.
15:32 of 1st period - Wrist shot by Jiri Tlusty.
15:32 of 1st period - Stopped by John Gibson without a rebound.
15:33 of 1st period - Dan Fritsche wins face-off versus Jiri Tlusty in Rafales zone.
15:33 of 1st period - Dan Fritsche is hit by Keith Yandle.
15:38 of 1st period - Mike Sislo is hit by Jiri Tlusty and loses puck.
15:43 of 1st period - Snap shot by Dan Fritsche.
15:43 of 1st period - Stopped by Allen York with a rebound.
15:45 of 1st period - Minor Penalty to Keith Yandle for Tripping.
15:46 of 1st period - David Desharnais wins face-off versus Mike Zigomanis in Staline zone.
15:57 of 1st period - Wrist shot by Cody McLeod.
15:57 of 1st period - Stopped by Allen York with a rebound.
15:59 of 1st period - Slapshot by Milan Bartovic.
15:59 of 1st period - Deflect By Jiri Tlusty.
15:59 of 1st period - Rafales goal is going for a video replay.
15:59 of 1st period - The goal is refused. The goalkeeper has been pushed into the net together with the puck after making a save..
16:00 of 1st period - David Desharnais wins face-off versus Milan Bartovic in Staline zone.
16:25 of 1st period - Wrist shot by Dan Fritsche.
16:25 of 1st period - Stopped by Allen York with a rebound.
16:27 of 1st period - Slapshot by Matt Gilroy.
16:27 of 1st period - Shot Blocked by Jiri Tlusty.
16:29 of 1st period - Backhand shot by Matt Gilroy.
16:29 of 1st period - Stopped by Allen York with a rebound.
17:45 of 1st period - Penalty to Keith Yandle is over, Keith Yandle is back on ice.
17:57 of 1st period - Willie Mitchell is hit by Bryan Bickell and loses puck.
18:04 of 1st period - Andrey Pedan is hit by Nathan Davis and loses puck.
19:13 of 1st period - Wrist shot by Bryan Bickell.
19:13 of 1st period - Shot Blocked by Mark Fayne.
19:47 of 1st period - Snap shot by Johan Ryno.
19:47 of 1st period - Shot Misses the Net.
19:49 of 1st period - Wrist shot by Kevin Veilleux.
19:49 of 1st period - Shot Misses the Net.
Goals for this period are 1 for Rafales vs 0 for Staline.
Shots for this period are 14 for Rafales vs 7 for Staline.

2nd period


0:01 of 2nd period - David Desharnais wins face-off versus Mike Zigomanis in neutral zone.
0:08 of 2nd period - Slapshot by Stu Bickel.
0:08 of 2nd period - Deflect By David Desharnais.
0:08 of 2nd period - Goal by David Desharnais - Rafales : 1 - Staline : 1.
0:09 of 2nd period - David Desharnais wins face-off versus Mike Zigomanis in neutral zone.
0:35 of 2nd period - Icing by Stu Bickel.
0:36 of 2nd period - Dan Fritsche wins face-off versus Cody Eakin in Staline zone.
0:45 of 2nd period - Slapshot by Mike Sislo.
0:45 of 2nd period - Deflect By Stu Bickel.
0:45 of 2nd period - Shot Hit the Post.
0:45 of 2nd period - Puck is out of play.
0:46 of 2nd period - David Desharnais wins face-off versus Mike Zigomanis in Staline zone.
0:53 of 2nd period - Wrist shot by Cody McLeod.
0:53 of 2nd period - Stopped by Allen York with a rebound.
0:55 of 2nd period - Slapshot by Willie Mitchell.
0:55 of 2nd period - Shot Blocked by Mark Stone.
0:57 of 2nd period - Snap shot by Cody McLeod.
0:57 of 2nd period - Shot Misses the Net.
0:59 of 2nd period - Backhand shot by Mark Fayne.
0:59 of 2nd period - Shot Misses the Net.
1:01 of 2nd period - Slapshot by Cody McLeod.
1:01 of 2nd period - Shot Misses the Net.
1:29 of 2nd period - Icing by Jiri Tlusty.
1:30 of 2nd period - Nathan Davis wins face-off versus Cody Eakin in Staline zone.
1:31 of 2nd period - Snap shot by Jeff Skinner.
1:31 of 2nd period - Stopped by Allen York with a rebound.
1:33 of 2nd period - Wrist shot by Milan Bartovic.
1:33 of 2nd period - Shot Misses the Net.
1:35 of 2nd period - Slapshot by Milan Bartovic.
1:35 of 2nd period - Stopped by Allen York without a rebound.
1:36 of 2nd period - Matt Pettinger wins face-off versus Cody McLeod in Staline zone.
2:24 of 2nd period - Wrist shot by Stu Bickel.
2:24 of 2nd period - Shot Misses the Net.
2:26 of 2nd period - Wrist shot by Keith Yandle.
2:26 of 2nd period - Deflect By James Sheppard.
2:26 of 2nd period - Shot Misses the Net.
2:26 of 2nd period - Puck is out of play.
2:27 of 2nd period - Corey Trivino wins face-off versus Mike Zigomanis in Rafales zone.
2:52 of 2nd period - Wrist shot by James Sheppard.
2:52 of 2nd period - Shot Blocked by Jonas Junland.
3:02 of 2nd period - Wrist shot by James Sheppard.
3:02 of 2nd period - Stopped by John Gibson with a rebound.
3:04 of 2nd period - Snap shot by Corey Trivino.
3:04 of 2nd period - Stopped by John Gibson with a rebound.
3:06 of 2nd period - Snap shot by Steven Goertzen.
3:06 of 2nd period - Shot Misses the Net.
3:08 of 2nd period - Slapshot by Corey Trivino.
3:08 of 2nd period - Stopped by John Gibson without a rebound.
3:09 of 2nd period - Dan Fritsche wins face-off versus David Desharnais in Rafales zone.
3:11 of 2nd period - Minor Penalty to Mike Sislo for Hooking.
3:12 of 2nd period - David Desharnais wins face-off versus Mike Zigomanis in Rafales zone.
3:12 of 2nd period - Wrist shot by Jiri Tlusty.
3:12 of 2nd period - Stopped by John Gibson without a rebound.
3:13 of 2nd period - David Desharnais wins face-off versus Mike Zigomanis in Rafales zone.
3:26 of 2nd period - Snap shot by David Desharnais.
3:26 of 2nd period - Deflect By Mike Zigomanis.
3:26 of 2nd period - Stopped by John Gibson without a rebound.
3:27 of 2nd period - Mike Zigomanis wins face-off versus Jiri Tlusty in Rafales zone.
3:32 of 2nd period - Slapshot by Jiri Tlusty.
3:32 of 2nd period - Shot Misses the Net.
3:58 of 2nd period - Snap shot by Keith Yandle.
3:58 of 2nd period - Deflect By Mike Zigomanis.
3:58 of 2nd period - Stopped by John Gibson without a rebound.
3:59 of 2nd period - Cody Eakin wins face-off versus Mike Zigomanis in Rafales zone.
4:08 of 2nd period - Snap shot by Steven Goertzen.
4:08 of 2nd period - Stopped by John Gibson with a rebound.
4:10 of 2nd period - Slapshot by Philip Larsen.
4:10 of 2nd period - Shot Blocked by Willie Mitchell.
4:12 of 2nd period - Slapshot by Philip Larsen.
4:12 of 2nd period - Deflect By Matt Gilroy.
4:12 of 2nd period - Stopped by John Gibson without a rebound.
4:13 of 2nd period - Mike Zigomanis wins face-off versus David Desharnais in Rafales zone.
5:11 of 2nd period - Penalty to Mike Sislo is over, Mike Sislo is back on ice.
5:29 of 2nd period - Slapshot by Jonathan Rheault.
5:29 of 2nd period - Stopped by Allen York with a rebound.
5:39 of 2nd period - Philip Larsen is hit by Nathan Davis and loses puck.
6:14 of 2nd period - Off-side.
6:15 of 2nd period - Dan Fritsche wins face-off versus David Desharnais in neutral zone.
6:32 of 2nd period - Jonathan Rheault is hit by David Desharnais and loses puck.
7:01 of 2nd period - Off-side.
7:02 of 2nd period - Steven Goertzen wins face-off versus Nathan Davis in neutral zone.
7:05 of 2nd period - Slapshot by Keith Yandle.
7:05 of 2nd period - Stopped by John Gibson with a rebound.
7:27 of 2nd period - Willie Mitchell is hit by Stu Bickel.
7:28 of 2nd period - Willie Mitchell from Rafales is injured at 7:28 of 2nd period (Broken Bone (Right Arm)).
7:29 of 2nd period - Mike Zigomanis wins face-off versus David Desharnais in Rafales zone.
7:29 of 2nd period - Mike Zigomanis is hit by David Desharnais.
7:35 of 2nd period - Wrist shot by Milan Bartovic.
7:35 of 2nd period - Stopped by Allen York with a rebound.
7:51 of 2nd period - Minor Penalty to Matt Pettinger for Holding Stick.
7:52 of 2nd period - David Desharnais wins face-off versus Mike Zigomanis in Staline zone.
8:05 of 2nd period - Snap shot by Jiri Tlusty.
8:05 of 2nd period - Stopped by John Gibson without a rebound.
8:06 of 2nd period - Mike Zigomanis wins face-off versus David Desharnais in Rafales zone.
8:39 of 2nd period - Jiri Tlusty is hit by Michael Bournival and loses puck.
9:51 of 2nd period - Penalty to Matt Pettinger is over, Matt Pettinger is back on ice.
10:08 of 2nd period - Slapshot by Philip Larsen.
10:08 of 2nd period - Shot Blocked by Mark Fayne.
10:10 of 2nd period - Wrist shot by Stu Bickel.
10:10 of 2nd period - Shot Blocked by Jeff Skinner.
10:22 of 2nd period - Snap shot by Matt Pettinger.
10:22 of 2nd period - Stopped by John Gibson with a rebound.
10:24 of 2nd period - Slapshot by Brandon Burlon.
10:24 of 2nd period - Stopped by John Gibson without a rebound.
10:25 of 2nd period - Corey Trivino wins face-off versus Dan Fritsche in Rafales zone.
10:26 of 2nd period - Wrist shot by James Sheppard.
10:26 of 2nd period - Shot Misses the Net.
10:40 of 2nd period - Steven Goertzen is hit by Matt Gilroy and loses puck.
11:36 of 2nd period - Dan Fritsche is hit by Matt Pettinger and loses puck.
12:14 of 2nd period - Icing by Mike Reilly.
12:15 of 2nd period - Mike Zigomanis wins face-off versus Peter Holland in Staline zone.
12:16 of 2nd period - Wrist shot by Cody McLeod.
12:16 of 2nd period - Deflect By Mike Zigomanis.
12:16 of 2nd period - Stopped by Allen York with a rebound.
12:18 of 2nd period - Wrist shot by Cody McLeod.
12:18 of 2nd period - Shot Misses the Net.
12:20 of 2nd period - Snap shot by Mike Zigomanis.
12:20 of 2nd period - Shot Blocked by Jordan Caron.
12:22 of 2nd period - Snap shot by Mike Zigomanis.
12:22 of 2nd period - Shot Misses the Net.
12:24 of 2nd period - Slapshot by Matt Gilroy.
12:24 of 2nd period - Deflect By Mike Zigomanis.
12:24 of 2nd period - Goal by Mike Zigomanis - Rafales : 2 - Staline : 1.
12:25 of 2nd period - Mike Zigomanis wins face-off versus David Desharnais in neutral zone.
13:18 of 2nd period - Slapshot by Keith Yandle.
13:18 of 2nd period - Stopped by John Gibson without a rebound.
13:19 of 2nd period - David Desharnais wins face-off versus Mike Zigomanis in Rafales zone.
13:20 of 2nd period - Backhand shot by Matt Pettinger.
13:20 of 2nd period - Shot Misses the Net.
13:28 of 2nd period - Wrist shot by Mike Zigomanis.
13:28 of 2nd period - Stopped by Allen York with a rebound.
13:50 of 2nd period - Off-side.
13:51 of 2nd period - Mike Zigomanis wins face-off versus Cody Eakin in neutral zone.
13:56 of 2nd period - Slapshot by Milan Bartovic.
13:56 of 2nd period - Stopped by Allen York with a rebound.
13:58 of 2nd period - Slapshot by Jonas Junland.
13:58 of 2nd period - Stopped by Allen York with a rebound.
14:00 of 2nd period - Wrist shot by Mike Zigomanis.
14:00 of 2nd period - Shot Blocked by Mark Fraser.
14:02 of 2nd period - Slapshot by Matt Gilroy.
14:02 of 2nd period - Stopped by Allen York without a rebound.
14:03 of 2nd period - Mike Zigomanis wins face-off versus David Desharnais in Staline zone.
14:06 of 2nd period - Wrist shot by Cody McLeod.
14:06 of 2nd period - Shot Misses the Net.
14:08 of 2nd period - Wrist shot by Cody McLeod.
14:08 of 2nd period - Stopped by Allen York without a rebound.
14:09 of 2nd period - David Desharnais wins face-off versus Mike Zigomanis in Staline zone.
14:09 of 2nd period - David Desharnais is hit by Matt Gilroy.
14:59 of 2nd period - Dan Fritsche is hit by Jiri Tlusty and loses puck.
15:28 of 2nd period - Slapshot by Dan Fritsche.
15:28 of 2nd period - Stopped by Allen York with a rebound.
15:38 of 2nd period - Wrist shot by Mike Sislo.
15:38 of 2nd period - Stopped by Allen York without a rebound.
15:39 of 2nd period - David Desharnais wins face-off versus Mike Zigomanis in Staline zone.
15:44 of 2nd period - Matt Pettinger is hit by Mark Fayne and loses puck.
15:51 of 2nd period - Mark Fayne is hit by Philip Larsen and loses puck.
16:11 of 2nd period - Wrist shot by Bryan Bickell.
16:11 of 2nd period - Stopped by John Gibson without a rebound.
16:12 of 2nd period - Nathan Davis wins face-off versus David Desharnais in Rafales zone.
16:21 of 2nd period - Wrist shot by Nathan Davis.
16:21 of 2nd period - Stopped by Allen York without a rebound.
16:22 of 2nd period - Nathan Davis wins face-off versus David Desharnais in Staline zone.
17:08 of 2nd period - Wrist shot by Jeff Skinner.
17:08 of 2nd period - Stopped by Allen York with a rebound.
17:46 of 2nd period - Off-side.
17:47 of 2nd period - Mike Zigomanis wins face-off versus Cody Eakin in neutral zone.
18:12 of 2nd period - Jonathan Rheault is hit by Steven Goertzen and loses puck.
18:37 of 2nd period - Slapshot by Bryan Bickell.
18:37 of 2nd period - Stopped by John Gibson with a rebound.
19:21 of 2nd period - Jonathan Rheault is hit by Steven Goertzen and loses puck.
Goals for this period are 1 for Rafales vs 1 for Staline.
Shots for this period are 16 for Rafales vs 16 for Staline.

3rd period


0:01 of 3rd period - David Desharnais wins face-off versus Mike Zigomanis in neutral zone.
1:29 of 3rd period - Snap shot by Jiri Tlusty.
1:29 of 3rd period - Stopped by John Gibson without a rebound.
1:30 of 3rd period - Cody Eakin wins face-off versus Kevin Veilleux in Rafales zone.
1:41 of 3rd period - Brandon Burlon is hit by Michael Bournival.
1:44 of 3rd period - Off-side.
1:45 of 3rd period - David Desharnais wins face-off versus Mike Zigomanis in neutral zone.
1:53 of 3rd period - Snap shot by Cody McLeod.
1:53 of 3rd period - Shot Misses the Net.
1:55 of 3rd period - Wrist shot by Mike Zigomanis.
1:55 of 3rd period - Deflect By Cody McLeod.
1:55 of 3rd period - Stopped by Allen York with a rebound.
1:57 of 3rd period - Slapshot by Matt Gilroy.
1:57 of 3rd period - Stopped by Allen York with a rebound.
2:28 of 3rd period - Icing by Marc-André Gragnani.
2:29 of 3rd period - Corey Trivino wins face-off versus Nathan Davis in Rafales zone.
2:32 of 3rd period - Backhand shot by Steven Goertzen.
2:32 of 3rd period - Stopped by John Gibson with a rebound.
2:34 of 3rd period - Wrist shot by Steven Goertzen.
2:34 of 3rd period - Stopped by John Gibson without a rebound.
2:35 of 3rd period - Mike Zigomanis wins face-off versus David Desharnais in Rafales zone.
2:35 of 3rd period - Mike Zigomanis is hit by Mark Stone.
2:38 of 3rd period - Minor Penalty to Marc-André Gragnani for High sticking.
2:39 of 3rd period - Cody McLeod wins face-off versus David Desharnais in Rafales zone.
2:44 of 3rd period - Icing by Stu Bickel.
2:45 of 3rd period - David Desharnais wins face-off versus Mike Zigomanis in Staline zone.
2:54 of 3rd period - Minor Penalty to Matt Pettinger for Slashing.
2:55 of 3rd period - Cody Eakin wins face-off versus Mike Zigomanis in Staline zone.
4:38 of 3rd period - Penalty to Marc-André Gragnani is over, Marc-André Gragnani is back on ice.
4:54 of 3rd period - Penalty to Matt Pettinger is over, Matt Pettinger is back on ice.
4:54 of 3rd period - Snap shot by Nathan Davis.
4:54 of 3rd period - Deflect By Cody McLeod.
4:54 of 3rd period - Stopped by Allen York with a rebound.
5:19 of 3rd period - Wrist shot by Jiri Tlusty.
5:19 of 3rd period - Stopped by John Gibson without a rebound.
5:20 of 3rd period - Johan Ryno wins face-off versus Bryan Bickell in Rafales zone.
6:05 of 3rd period - Wrist shot by Nathan Davis.
6:05 of 3rd period - Deflect By Tim Crowder.
6:05 of 3rd period - Shot Misses the Net.
6:05 of 3rd period - Puck is out of play.
6:06 of 3rd period - Nathan Davis wins face-off versus Cody Eakin in Staline zone.
6:16 of 3rd period - Icing by Cody Eakin.
6:17 of 3rd period - Dan Fritsche wins face-off versus Cody Eakin in Staline zone.
6:18 of 3rd period - Snap shot by Mike Sislo.
6:18 of 3rd period - Shot Misses the Net.
6:26 of 3rd period - Wrist shot by Jiri Tlusty.
6:26 of 3rd period - Stopped by John Gibson without a rebound.
6:27 of 3rd period - David Desharnais wins face-off versus Dan Fritsche in Rafales zone.
6:42 of 3rd period - Wrist shot by Matt Pettinger.
6:42 of 3rd period - Stopped by John Gibson without a rebound.
6:43 of 3rd period - Cody Eakin wins face-off versus Mike Zigomanis in Rafales zone.
6:46 of 3rd period - Snap shot by Nick Spaling.
6:46 of 3rd period - Stopped by John Gibson with a rebound.
7:29 of 3rd period - Snap shot by Michael Bournival.
7:29 of 3rd period - Shot Misses the Net.
7:31 of 3rd period - Slapshot by Jonas Junland.
7:31 of 3rd period - Shot Misses the Net.
7:33 of 3rd period - Slapshot by Jonas Junland.
7:33 of 3rd period - Stopped by Allen York with a rebound.
7:35 of 3rd period - Snap shot by Jonas Junland.
7:35 of 3rd period - Stopped by Allen York with a rebound.
7:37 of 3rd period - Snap shot by Johan Ryno.
7:37 of 3rd period - Shot Misses the Net.
7:39 of 3rd period - Slapshot by Michael Bournival.
7:39 of 3rd period - Stopped by Allen York without a rebound.
7:40 of 3rd period - Mike Zigomanis wins face-off versus Cody Eakin in Staline zone.
8:07 of 3rd period - Backhand shot by Corey Trivino.
8:07 of 3rd period - Shot Misses the Net.
8:09 of 3rd period - Minor Penalty to Matt Gilroy for Hooking.
8:10 of 3rd period - Mike Zigomanis wins face-off versus David Desharnais in Rafales zone.
10:09 of 3rd period - Penalty to Matt Gilroy is over, Matt Gilroy is back on ice.
10:10 of 3rd period - Mike Reilly is hit by Mike Sislo and loses puck.
10:42 of 3rd period - Minor Penalty to Mark Fraser for Goalie Interference.
10:43 of 3rd period - Dan Fritsche wins face-off versus David Desharnais in Staline zone.
11:37 of 3rd period - Snap shot by Mike Zigomanis.
11:37 of 3rd period - Shot Misses the Net.
12:30 of 3rd period - Mike Reilly is hit by Nathan Davis and loses puck.
12:42 of 3rd period - Penalty to Mark Fraser is over, Mark Fraser is back on ice.
12:53 of 3rd period - Slapshot by Brandon Burlon.
12:53 of 3rd period - Deflect By Corey Trivino.
12:53 of 3rd period - Goal by Corey Trivino - Rafales : 2 - Staline : 2.
12:54 of 3rd period - Mike Zigomanis wins face-off versus Corey Trivino in neutral zone.
13:03 of 3rd period - Slapshot by Milan Bartovic.
13:03 of 3rd period - Shot Misses the Net.
13:05 of 3rd period - Slapshot by Mike Zigomanis.
13:05 of 3rd period - Stopped by Allen York with a rebound.
13:07 of 3rd period - Wrist shot by Matt Gilroy.
13:07 of 3rd period - Stopped by Allen York with a rebound.
13:25 of 3rd period - Snap shot by Matt Pettinger.
13:25 of 3rd period - Stopped by John Gibson without a rebound.
13:26 of 3rd period - David Desharnais wins face-off versus Mike Zigomanis in Rafales zone.
13:31 of 3rd period - Slapshot by Matt Pettinger.
13:31 of 3rd period - Shot Blocked by Mark Fayne.
13:33 of 3rd period - Slapshot by Keith Yandle.
13:33 of 3rd period - Stopped by John Gibson without a rebound.
13:34 of 3rd period - Mike Zigomanis wins face-off versus David Desharnais in Rafales zone.
13:34 of 3rd period - Mike Zigomanis is hit by David Desharnais.
13:45 of 3rd period - Off-side.
13:46 of 3rd period - David Desharnais wins face-off versus Mike Zigomanis in neutral zone.
14:11 of 3rd period - Wrist shot by Jiri Tlusty.
14:11 of 3rd period - Goal by Jiri Tlusty - Rafales : 2 - Staline : 3.
14:12 of 3rd period - Mike Zigomanis wins face-off versus David Desharnais in neutral zone.
15:11 of 3rd period - Minor Penalty to Philip Larsen for Roughing.
15:12 of 3rd period - David Desharnais wins face-off versus Mike Zigomanis in Staline zone.
15:24 of 3rd period - Snap shot by David Desharnais.
15:24 of 3rd period - Shot Misses the Net.
15:26 of 3rd period - Snap shot by Jiri Tlusty.
15:26 of 3rd period - Stopped by John Gibson without a rebound.
15:27 of 3rd period - Mike Zigomanis wins face-off versus David Desharnais in Rafales zone.
15:27 of 3rd period - Mike Zigomanis is hit by Keith Yandle.
15:33 of 3rd period - Slapshot by Matt Gilroy.
15:33 of 3rd period - Shot Blocked by Keith Yandle.
15:35 of 3rd period - Slapshot by Matt Gilroy.
15:35 of 3rd period - Shot Blocked by Jiri Tlusty.
16:14 of 3rd period - Mike Reilly is hit by Jonas Junland and loses puck.
17:11 of 3rd period - Penalty to Philip Larsen is over, Philip Larsen is back on ice.
17:52 of 3rd period - Dan Fritsche is hit by Stu Bickel.
18:15 of 3rd period - Slapshot by Keith Yandle.
18:15 of 3rd period - Stopped by John Gibson without a rebound.
18:16 of 3rd period - Corey Trivino wins face-off versus Mike Zigomanis in Rafales zone.
18:21 of 3rd period - Snap shot by James Sheppard.
18:21 of 3rd period - Stopped by John Gibson with a rebound.
18:23 of 3rd period - Wrist shot by Mike Reilly.
18:23 of 3rd period - Shot Blocked by Milan Bartovic.
18:48 of 3rd period - Rafales, John Gibson is pulled from the net.
19:02 of 3rd period - David Desharnais is hit by Milan Bartovic and loses puck.
19:09 of 3rd period - Snap shot by Milan Bartovic.
19:09 of 3rd period - Stopped by Allen York with a rebound.
19:11 of 3rd period - Slapshot by Michael Bournival.
19:11 of 3rd period - Stopped by Allen York without a rebound.
19:12 of 3rd period - Paul MacLean call a timeout for Rafales.
19:12 of 3rd period - David Desharnais wins face-off versus Michael Bournival in Staline zone.
19:17 of 3rd period - Snap shot by Cody McLeod.
19:17 of 3rd period - Stopped by Allen York with a rebound.
19:19 of 3rd period - Slapshot by Cody McLeod.
19:19 of 3rd period - Goal by Cody McLeod - Rafales : 3 - Staline : 3.
19:19 of 3rd period - John Gibson from Rafales was sent back in the game.
19:20 of 3rd period - Nathan Davis wins face-off versus Corey Trivino in neutral zone.
19:23 of 3rd period - James Sheppard is hit by Matt Gilroy and loses puck.
19:30 of 3rd period - Slapshot by Keith Yandle.
19:30 of 3rd period - Shot Blocked by Jonas Junland.
19:32 of 3rd period - Snap shot by James Sheppard.
19:32 of 3rd period - Deflect By Corey Trivino.
19:32 of 3rd period - Shot Misses the Net.
19:32 of 3rd period - Puck is out of play.
19:33 of 3rd period - Nathan Davis wins face-off versus Corey Trivino in Rafales zone.
Goals for this period are 1 for Rafales vs 2 for Staline.
Shots for this period are 12 for Rafales vs 14 for Staline.

Overtime #1


0:01 of 1st overtime period - Mike Zigomanis wins face-off versus Cody Eakin in neutral zone.
0:48 of 1st overtime period - Snap shot by Philip Larsen.
0:48 of 1st overtime period - Shot Blocked by Mark Fayne.
2:32 of 1st overtime period - Milan Bartovic is hit by Philip Larsen and loses puck.
2:53 of 1st overtime period - Matt Gilroy is hit by Bryan Bickell and loses puck.
3:40 of 1st overtime period - Mark Fayne is hit by Corey Trivino.
3:48 of 1st overtime period - Icing by Mark Fayne.
3:49 of 1st overtime period - Nathan Davis wins face-off versus Cody Eakin in Rafales zone.
4:27 of 1st overtime period - Jeff Skinner is hit by Corey Trivino and loses puck.
4:42 of 1st overtime period - Matt Gilroy is hit by Stu Bickel and loses puck.
Goals for this period are 0 for Rafales vs 0 for Staline.
Shots for this period are 0 for Rafales vs 0 for Staline.

ShootOut


5:00 of 1st overtime period - Penalty Shot by Mike Zigomanis for Rafales.
5:00 of 1st overtime period - Backhand shot by Mike Zigomanis.
5:00 of 1st overtime period - Goal by Mike Zigomanis.
5:00 of 1st overtime period - Penalty Shot by Matt Pettinger for Staline.
5:00 of 1st overtime period - Wrist shot by Matt Pettinger.
5:00 of 1st overtime period - Goal by Matt Pettinger.
5:00 of 1st overtime period - Penalty Shot by Cody McLeod for Rafales.
5:00 of 1st overtime period - Wrist shot by Cody McLeod.
5:00 of 1st overtime period - Shot Misses the Net.
5:00 of 1st overtime period - Penalty Shot by Corey Trivino for Staline.
5:00 of 1st overtime period - Snap shot by Corey Trivino.
5:00 of 1st overtime period - Stopped by John Gibson.
5:00 of 1st overtime period - Penalty Shot by Milan Bartovic for Rafales.
5:00 of 1st overtime period - Snap shot by Milan Bartovic.
5:00 of 1st overtime period - Goal by Milan Bartovic.
5:00 of 1st overtime period - Penalty Shot by Mark Stone for Staline.
5:00 of 1st overtime period - Backhand shot by Mark Stone.
5:00 of 1st overtime period - Goal by Mark Stone.
5:00 of 1st overtime period - Penalty Shot by Tim Crowder for Rafales.
5:00 of 1st overtime period - Snap shot by Tim Crowder.
5:00 of 1st overtime period - Stopped by Allen York.
5:00 of 1st overtime period - Penalty Shot by Nick Spaling for Staline.
5:00 of 1st overtime period - Wrist shot by Nick Spaling.
5:00 of 1st overtime period - Shot Misses the Net.
5:00 of 1st overtime period - Penalty Shot by Jeff Skinner for Rafales.
5:00 of 1st overtime period - Backhand shot by Jeff Skinner.
5:00 of 1st overtime period - Goal by Jeff Skinner.
5:00 of 1st overtime period - Penalty Shot by David Desharnais for Staline.
5:00 of 1st overtime period - Wrist shot by David Desharnais.
5:00 of 1st overtime period - Stopped by John Gibson.